AoeStats
← O grande

MegaRandom

506840899Analyzed
1v1 RM · 16d ago on Sep 15, 2026· 37m 59s· 2 players
Game mode
Random Map
Map size
Tiny (2 player)
Population
200
Speed
Normal
Resources
Standard
Victory
Conquest
Starting age
Dark Age
Ending age
Imperial Age
RankedLock teamsTeams togetherTeam positionsShared explorationLock speedFull tech treeHidden civsTurbo modeCheats
Victory
Defeat
🇧🇷 Mongols · Brazil
2000
+18
🇧🇪 Mongols · Belgium
2036
-18
O grande
0:59 Loom
10:05 Feudal Age
10:39 Town Watch
14:16 Castle Age
12:38 Double-Bit Axe
12:33 Horse Collar
12:56 Gold Mining
14:20 Wheelbarrow
13:45 Stone Mining
14:16 Fletching
15:06 Bodkin Arrow
15:22 Bow Saw
15:51 Padded Archer Armor
16:39 Bloodlines
18:04 Ballistics
20:25 Gold Shaft Mining
25:49 Husbandry
27:27 Leather Archer Armor
31:45 Imperial Age
30:25 Thumb Ring
32:27 Bracer
33:05 Conscription
32:52 Scale Barding Armor
33:47 Parthian Tactics
33:38 Light Cavalry
34:44 Chain Barding Armor
34:36 Forging
37:21 Iron Casting
37:26 Heavy Plow
38:31 Chemistry
39:27 Blast Furnace
Alakay
1:02 Loom
9:58 Feudal Age
13:31 Castle Age
11:24 Double-Bit Axe
11:32 Gold Mining
12:03 Fletching
12:33 Stone Mining
13:52 Fletching
15:20 Bow Saw
19:38 Imperial Age
17:56 Bodkin Arrow
19:56 Ballistics
20:48 Bracer
22:14 Padded Archer Armor
23:23 Chemistry
27:09 Horse Collar
29:23 Husbandry
30:35 Bloodlines
34:58 Thumb Ring
35:25 Parthian Tactics
35:56 Wheelbarrow
Connection lost

Rejoining the realm…

Still unreachable

The connection could not be restored.

Session expired

The server has moved on; the page needs a fresh start.